 Dungeon Crawl Stone Soup version 0.21.1-1-g345015f (webtiles) character file.

35 tidbits the Insei (level 3, 11/28 HPs)
             Began as a Gnoll Transmuter on Feb 14, 2018.
             Quit the game on level 3 of the Dungeon.
             The game lasted 00:02:58 (313 turns).

tidbits the Insei (Gnoll Transmuter)                 Turns: 313, Time: 00:02:58

Health: 11/28      AC:  2    Str: 12    XL:     3   Next: 33%
Magic:  3/9        EV: 23    Int: 16    God:
Gold:   20         SH:  0    Dex: 20    Spells: 6/12 levels left

rFire    . . .     SeeInvis .     - Unarmed
rCold    . . .     Gourm    .   (shield currently unavailable)
rNeg     . . .     Faith    .   (armour currently unavailable)
rPois    x         Spirit   .   (helmet currently unavailable)
rElec    .         Reflect  .   (cloak currently unavailable)
rCorr    .         Harm     .   (gloves currently unavailable)
MR       .....                  (boots currently unavailable)
Stlth    ++........             (no amulet)
HPRegen  0.09/turn              (no ring)
MPRegen  0.11/turn              (no ring)

@: lethally poisoned (11 -> 0), spider-form (expiring)
A: tiny, distributed training, strong nose
a: End Transformation


You were on level 3 of the Dungeon.
You were not hungry.
You were a venomous arachnid creature.
You visited 1 branch of the dungeon, and saw 4 of its levels.

You collected 20 gold pieces.

Inventory:

Missiles
 a - 32 arrows
Armour
 b - a +0 ring mail
 B - a +1 robe (melded)
Scrolls
 e - a scroll of blinking
 f - a scroll of random uselessness
 i - 2 scrolls of identify
Potions
 g - a potion of resistance
Books
 c - a book of Changes

   Spells                             Type                      Level
   a - Beastly Appendage              Transmutation                1
   b - Sticks to Snakes               Transmutation                2
   c - Spider Form                    Transmutation/Poison         3
   d - Ice Form                       Ice/Transmutation            4
   e - Blade Hands                    Transmutation                5
Comestibles
 d - a ration


   Skills:
 + Level 2.6 Fighting
 + Level 0.7 Short Blades
 + Level 0.7 Long Blades
 + Level 0.7 Axes
 + Level 0.7 Maces & Flails
 + Level 0.7 Polearms
 + Level 0.7 Staves
 + Level 0.7 Slings
 + Level 0.7 Bows
 + Level 0.7 Crossbows
 + Level 0.7 Throwing
 + Level 0.7 Armour
 + Level 4.5 Dodging
 + Level 0.7 Stealth
 + Level 0.7 Shields
 + Level 6.5 Unarmed Combat
 + Level 5.0 Spellcasting
 + Level 0.5 Conjurations
 + Level 0.5 Hexes
 + Level 0.5 Charms
 + Level 0.5 Summonings
 + Level 0.5 Necromancy
 + Level 0.5 Translocations
 + Level 3.7 Transmutations
 + Level 0.5 Fire Magic
 + Level 0.5 Ice Magic
 + Level 0.5 Air Magic
 + Level 0.5 Earth Magic
 + Level 0.5 Poison Magic
 + Level 0.9 Invocations
 + Level 0.7 Evocations


You had 6 spell levels left.
You knew the following spells:

 Your Spells              Type           Power        Failure   Level  Hunger
e - Beastly Appendage     Tmut           ###...       11%         1    None
k - Sticks to Snakes      Tmut           ###.....     14%         2    #......
p - Spider Form           Tmut/Pois      ##........   38%         3    ###....


Dungeon Overview and Level Annotations

Branches:
Dungeon (4/15)
 Temple: D:4-7

Altars:


Innate Abilities, Weirdness & Mutations

Your experience applies equally to all skills.
((You have very sharp teeth.))
Your uncanny sense of smell can sniff out nearby items.


Message History

Your adder looks stronger.
You open the door.
There is an open door here.
Your transformation is almost over.
Found a bubbling silvery potion.
Found a stone staircase leading down.
Your adder withers and dies!
A giant cockroach comes into view.
You see here a bubbling silvery potion.
As you read the scroll of identify, it crumbles to dust. a potion of resistance Your talons disappear.
g - a potion of resistance
Casting: Sticks to Snakes
Confirm with . or Enter, or press ? or * to list all spells.
Your feet morph into talons.
You punch the giant cockroach!
You kill the giant cockroach!
There is a stone staircase leading down here.
You climb downwards.
Your summoned allies are left behind.
You hear the sound of rushing water.
There is an entrance to a sewer on this level.
Hurry and find it before the portal rusts away!
There is a stone staircase leading up here.
Okay, then.
An adder comes into view.
Casting: Beastly Appendage
Confirm with . or Enter, or press ? or * to list all spells.
You don't know that spell.
There is a stone staircase leading up here.
You climb upwards.
There is a stone staircase leading down here.
Memorise Spider Form, consuming 3 spell levels and leaving 6?
You start memorising the spell.
You continue memorising.
Your ball python withers and dies!
You continue memorising.
Your ball python withers and dies!
You continue memorising.
Your transformation is almost over.
You finish memorising.
Spell assigned to 'p'.
The rat twitches its whiskers.
Your talons disappear.
The rat twitches its whiskers.
You open the large door.
There is a large open door here.
Casting: Beastly Appendage
Confirm with . or Enter, or press ? or * to list all spells.
You miscast Spider Form.
You are very lightly contaminated with residual magic.
You feel weak for a moment.
Casting: Spider Form
Confirm with . or Enter, or press ? or * to list all spells.
You don't have enough magic to cast that spell.
Casting: Spider Form
Confirm with . or Enter, or press ? or * to list all spells.
Your feet morph into talons.
You hit the rat.
The rat is moderately wounded.
The rat misses you.
You closely miss the rat.
You kill the rat!
Your magical contamination has completely faded away.
Your transformation is almost over.
Found 11 gold pieces.
Your talons disappear.
A kobold comes into view.
The kobold shouts!
The kobold wields a blowgun.
The kobold shoots a poisoned needle.
The poisoned needle barely misses you.
The kobold shoots a poisoned needle.
The poisoned needle barely misses you.
The kobold shoots a poisoned needle.
The poisoned needle hits you!
You are poisoned.
You see here a poisoned needle.
You feel sick.
The kobold shoots a poisoned needle.
The poisoned needle closely misses you.
You feel sick.
The kobold shoots a poisoned needle.
The poisoned needle hits you!
You are more poisoned.
You see here a poisoned needle.
You feel sick.
The kobold unwields an uncursed blowgun.
The kobold hits you.
Casting: Beastly Appendage
Confirm with . or Enter, or press ? or * to list all spells.
You turn into a venomous arachnid creature.
Your +1 robe melds into your body.
You feel sick. The kobold hits you.
* * * LOW HITPOINT WARNING * * *
You hit the kobold.
The kobold is poisoned.
The kobold is heavily wounded.
* * * LOW HITPOINT WARNING * * *
You feel sick. The kobold completely misses you.
You hit the kobold.
You kill the kobold!
Okay, then.
A rat comes into view.
Your transformation is almost over.
* * * LOW HITPOINT WARNING * * *
You feel sick.
Things that are here:
an uncursed blowgun; 8 poisoned needles; a kobold corpse Are you sure you want to abandon this character and quit the game? (Confirm with "yes".)

#.## .# #.##
..## #...
###### #....
#...
....###...#
#... .
#.........#
#.##
...##.........#
#.##
..............#
#...
.......s......#
#...
.......#......#
####...
...r...#.(....#
.......
.......#.....$#
###...
.......#...(..#
#...
############..#
#.## #.(# #.#
#.(# #.#
#..#####.#.#


You could see a rat (wandering).

Vanquished Creatures
  An adder (D:3)
  A leopard gecko (D:3)
  2 giant cockroaches
  A goblin (D:2)
  A hobgoblin (D:2)
  A kobold (D:3)
  A quokka (D:3)
  2 bats (D:2)
  2 rats (D:3)
12 creatures vanquished.

Vanquished Creatures (collateral kills)
  Jessica (D:3)
1 creature vanquished.

Grand Total: 13 creatures vanquished

Notes
Turn   | Place    | Note
-------+----------+-------------------------------------------
     0 | D:1      | tidbits the Gnoll Transmuter began the quest for the Orb.
     0 | D:1      | Reached XP level 1. HP: 17/17 MP: 6/6
   196 | D:3      | Reached XP level 2. HP: 20/23 MP: 5/7
   200 | D:3      | Learned a level 2 spell: Sticks to Snakes
   211 | D:3      | Noticed Jessica
   220 | D:3      | Killed Jessica
   220 | D:3      | Reached skill level 5 in Spellcasting
   220 | D:3      | Reached XP level 3. HP: 11/28 MP: 1/9
   253 | D:3      | Learned a level 3 spell: Spider Form
   313 | D:3      | Quit the game

Skill      XL: |  1  2 |
---------------+-------+-----
Spellcasting   | 5 |  5.0
Fighting       | |  2.6
Short Blades   | |  0.7
Long Blades    | |  0.7
Axes           | |  0.7
Maces & Flails | |  0.7
Polearms       | |  0.7
Staves         | |  0.7
Slings         | |  0.7
Bows           | |  0.7
Crossbows      | |  0.7
Throwing       | |  0.7
Armour         | |  0.7
Dodging        | |  4.5
Stealth        | |  0.7
Shields        | |  0.7
Unarmed Combat | |  6.5
Conjurations   | |  0.5
Hexes          | |  0.5
Charms         | |  0.5
Summonings     | |  0.5
Necromancy     | |  0.5
Translocations | |  0.5
Transmutations | |  3.7
Fire Magic     | |  0.5
Ice Magic      | |  0.5
Air Magic      | |  0.5
Earth Magic    | |  0.5
Poison Magic   | |  0.5
Invocations    | |  0.9
Evocations     | |  0.7

Action                   || total
-------------------------++-------
Melee: Unarmed           ||    24
       Kick              ||     5
       Bite              ||     1
 Cast: Beastly Appendage ||     8
       Sticks to Snakes  ||     3
       Spider Form       ||     1
  Use: Scroll            ||     6
Armor: Robe              ||     5
Dodge: Dodged            ||    15

Table legend:
 A = Turns spent in this place as a percentage of turns spent in the entire game.
 B = Non-inter-level travel turns spent in this place as a percentage of non-inter-level travel turns spent in the entire game.
 C = Inter-level travel turns spent in this place as a percentage of turns spent in this place.
 D = Turns resting spent in this place as a percentage of non-inter-level travel turns spent in this place.
 E = Turns spent auto-exploring this place as a percentage of non-inter-level travel turns spent in this place.
 F = Non-inter-level travel turns spent in this place divided by the number of levels of this place that you've seen.
                   A       B       C       D       E      F
               +-------+-------+-------+-------+-------+----------------------
         Total | 100.0 | 100.0 |   0.0 |   0.0 |   0.0 |  78.2
       Dungeon | 100.0 | 100.0 |   0.0 |   0.0 |   0.0 |  78.2
               +-------+-------+-------+-------+-------+----------------------

Table legend:
 A = Kills in this place as a percentage of kills in entire the game.
 B = Kills by you in this place as a percentage of kills by you in the entire game.
 C = Kills by friends in this place as a percentage of kills by friends in the entire game.
 D = Other kills in this place as a percentage of other kills in the entire game.
 E = Experience gained in this place as a percentage of experience gained in the entire game.
 F = Experience gained in this place divided by the number of levels of this place that you have seen.
                   A       B       C       D       E      F
               +-------+-------+-------+-------+-------+----------------------
         Total | 100.0 | 100.0 | 100.0 |   N/A | 100.0 |  12.5
       Dungeon | 100.0 | 100.0 | 100.0 |   N/A | 100.0 |  12.5
               +-------+-------+-------+-------+-------+----------------------

Vault maps used:
D:1:      dpeg_arrival_fog, minivault_26, corexii_item_surrounded_by_moat
D:3:      first_ration, roderic_lattice_a, uniq_grinder, uniq_jessica,
          uniq_crazy_yiuf_cottage
D:4:      cheibrodos_sewer_entry_sluice, serial_shops, shop, shop, shop, shop,
          kennysheep_little_box, uniq_pikel
